 Dungeon Crawl Stone Soup version 0.30-a0-857-gcaf70739d4 (webtiles) character file.

Game seed: 2911884653680983910

541 ragingrage the Cudgeller (level 7, 0/40 HPs)
             Began as a Gargoyle Warper on Mar 6, 2023.
             Slain by a gnoll
             ... wielding a +0 halberd
              (10 damage)
             ... on level 3 of the Dungeon.
             The game lasted 00:04:58 (3990 turns).

ragingrage the Cudgeller (Gargoyle Warper)          Turns: 3990, Time: 00:04:58

Health: 0/40       AC:  7    Str: 23    XL:     7   Next: 26%
Magic:  10/10      EV: 11    Int: 13    God:
Gold:   127        SH:  0    Dex:  9    Spells: 5/10 levels left

rFire   . . .      SeeInvis .    a - +0 mace
rCold   . . .      Faith    .    (no shield)
rNeg    + . .      Spirit   .    n - +0 leather armour
rPois   ∞          Reflect  .    (no helmet)
rElec   +          Rampage  .    (no cloak)
rCorr   .                        (no gloves)
Will    +....                    (no boots)
Stlth   +                        (no amulet)
HPRegen 0.26/turn                e - ring of willpower
MPRegen 0.12/turn                v - +6 ring of strength

@: no status effects
A: sickness immunity, AC +4, negative energy resistance 1, electricity
resistance, torment resistance 1, petrification resistance
a: no special abilities


You were on level 3 of the Dungeon.
You visited 1 branch of the dungeon, and saw 4 of its levels.
You also visited: Ossuary.

You collected 157 gold pieces.
You spent 30 gold pieces at shops.

Inventory:

Hand Weapons
 a - a +0 mace (weapon)
 b - a +0 sling
 g - a +0 dagger of venom
Missiles
 d - 7 boomerangs of dispersal
 h - 2 poisoned darts (quivered)
 u - 3 javelins
Armour
 n - a +0 leather armour (worn)
Jewellery
 e - a ring of willpower (left hand)
 v - a +6 ring of strength (right hand)
Scrolls
 c - 3 scrolls of blinking
 f - 2 scrolls of amnesia
 l - 2 scrolls of teleportation {unknown}
 o - 2 scrolls of summoning {unknown}
 r - 2 scrolls of identify
 s - a scroll of enchant weapon {unknown}
 w - a scroll of immolation {unknown}
 y - a scroll of fear
 B - a scroll of magic mapping
 C - a scroll of vulnerability {unknown}
 E - a scroll of brand weapon {unknown}
Potions
 i - a potion of heal wounds
 j - a potion of degeneration {unknown}
 k - a potion of cancellation {unknown}
 m - 4 potions of curing
 p - a potion of invisibility
 q - a potion of magic {unknown}
 t - a potion of berserk rage {unknown}
 x - a potion of flight {unknown}
 z - a potion of brilliance {unknown}
 A - a potion of lignification {unknown}
 D - a potion of resistance {unknown}


   Skills:
 - Level 2.1 Fighting
 + Level 7.5 Maces & Flails
 - Level 0.8 Throwing
 - Level 1.1 Armour
 - Level 1.5 Dodging
 - Level 2.0 Stealth
 - Level 2.0 Spellcasting
 - Level 2.6 Translocations


You had 5 spell levels left.
You knew the following spells:

 Your Spells              Type           Power      Damage    Failure   Level
a - Blink                 Tloc           16%        N/A       14%         2
b - Vhi's Electric Charg  Tloc/Air       8%         N/A       45%         3

Your spell library contained the following spells:

 Spells                   Type           Power      Damage    Failure   Level
 Lesser Beckoning         Tloc           16%        N/A       14%         2
 Freeze                   Ice            4%         1d3       28%         1
 Teleport Other           Tloc           8%         N/A       28%         3
 Frozen Ramparts          Ice            2%         1d1       65%         3
 Hailstorm                Conj/Ice       1%         3d3       65%         3
 Ignite Poison            Fire/Tmut/Pois 1%         N/A       65%         3
 Manifold Assault         Tloc           8%         N/A       67%         4
 Sticky Flame             Conj/Fire      1%         2d3       96%         4
 Ignition                 Fire           0%         3d3       100%        8


Dungeon Overview and Level Annotations

Branches:
Dungeon (4/15)            Ossuary (visited)
 Temple: D:4-7

Altars:

Shops:
D:2 !


Innate Abilities, Weirdness & Mutations

You are immune to sickness and miasma.
Your stone body is resilient. (AC +4)
You are immune to poison.
You resist negative energy. (rN+)
You are resistant to electric shocks. (rElec)
You are resistant to unholy torment.
You are immune to petrification.


Message History

You climb upwards.
There is a stone staircase leading down here.
E - a scroll labelled DOPILA FOWN The gnoll shouts!
You aren't carrying any items that you can evoke.
Unknown command.
Okay, then.
Unknown command.
You hit the gnoll but do no damage. The gnoll barely misses you.
You hit the gnoll. The gnoll hits you but does no damage.
You closely miss the gnoll.
The gnoll hits you from afar with a +0 halberd.
The gnoll hits you but does no damage.
You hit the gnoll. The gnoll barely misses you. The gnoll misses you.
You sock the gnoll!
You kill the gnoll!
The gnoll closely misses you. The gnoll closely misses you.
Things that are here:
a +0 whip; a gnoll corpse You sock the gnoll!
The gnoll barely misses you.
You hit the gnoll but do no damage. The gnoll barely misses you.
You thump the gnoll!
You kill the gnoll!
You see here a +0 halberd.
You start resting.
A gnoll is nearby!
A gnoll is nearby!
A gnoll is nearby!
A gnoll is nearby!
The gnoll hits you from afar with a +0 halberd.
The gnoll hits you with a +0 halberd.
You hit the gnoll but do no damage. The gnoll hits you with a +0 halberd!
You barely miss the gnoll. The gnoll hits you with a +0 halberd!
You hit the gnoll but do no damage. The gnoll hits you with a +0 halberd.
* * * LOW HITPOINT WARNING * * *
You hit the gnoll but do no damage. The gnoll misses you.
The gnoll attacks as you move away! The gnoll misses you.
The gnoll hits you from afar with a +0 halberd!
You die...

###### #..... ##### #.#### ###
#...# #.# ..## #...# #.# ...##
#...####### #.#
♣♣.~♣#########...##....#####.####
♣P~♣♣♣.....)).............[......
♣P~♣ ♣#########.@.#....#####.#.#.
♣♣~♣ #.#.#........#.#.#.
♣~~♣♣♣♣♣♣# #g#.#.######.#.#.#.
~~~.P.♣♣P######.#.#.######.#.#.#(
~~.~~~~~........#.#..gg.<#.#.#...
P~~.~♣♣P♣##.##..#.########g#.###.
♣♣.♣♣♣♣♣♣##.##..#...ggg.##g#.#...
♣~~♣♣.♣#..#.##..#######.##.#.#.#.
♣♣.~♣..##.#.##..#)....#.##.#.#.#.


You could see a gnoll.

Vanquished Creatures
  A wight (Ossuary)
  6 centaur zombies (Ossuary)
  2 bullfrog zombies (Ossuary)
  A scorpion zombie (Ossuary)
  3 ogre zombies (Ossuary)
  2 gnolls (D:3)
  4 adders
  6 adder zombies (Ossuary)
  3 worms (D:2)
  A dart slug (D:1)
  6 ball pythons
  3 endoplasms
  2 giant cockroaches (D:1)
  7 goblins
  7 hobgoblins
  6 jackals
  A kobold (D:1)
  3 quokkas
  9 bats
  4 frilled lizards
  A gnoll zombie (Ossuary)
  4 goblin zombies (Ossuary)
  2 hobgoblin zombies (Ossuary)
  3 orc zombies (Ossuary)
  6 rats
93 creatures vanquished.

Vanquished Creatures (others)
  4 plants
4 creatures vanquished.

Grand Total: 97 creatures vanquished

Notes
Turn   | Place    | Note
-------+----------+-------------------------------------------
     0 | D:1      | ragingrage the Gargoyle Warper began the quest for the Orb.
     0 | D:1      | Reached XP level 1. HP: 12/12 MP: 3/3
   123 | D:1      | Reached XP level 2. HP: 5/17 MP: 5/5
   127 | D:1      | Reached skill level 1 in Stealth
   553 | D:1      | Reached XP level 3. HP: 21/21 MP: 6/6
   562 | D:1      | Reached skill level 3 in Maces & Flails
   580 | D:1      | You fall into a shaft and drop 1 floor!
   885 | D:1      | Found a faded altar of an unknown god.
   921 | D:2      | Found Difoajul's Distillery.
   928 | D:2      | Bought a potion of curing for 30 gold pieces
  1140 | D:2      | Reached XP level 4. HP: 26/26 MP: 7/7
  1365 | D:2      | Reached skill level 4 in Maces & Flails
  1633 | D:2      | Learned a level 2 spell: Blink
  1637 | D:2      | Learned a level 3 spell: Vhi's Electric Charge
  2932 | D:4      | Found a sand-covered staircase.
  2942 | Ossuary  | Entered an ossuary
  2956 | Ossuary  | Reached XP level 5. HP: 30/30 MP: 8/8
  2979 | Ossuary  | Reached skill level 5 in Maces & Flails
  3106 | Ossuary  | Reached XP level 6. HP: 33/35 MP: 9/9
  3242 | Ossuary  | Reached skill level 6 in Maces & Flails
  3520 | Ossuary  | Reached skill level 7 in Maces & Flails
  3520 | Ossuary  | Reached XP level 7. HP: 38/40 MP: 10/10
  3591 | Ossuary  | Noticed a silent spectre
  3990 | D:3      | Slain by a gnoll

Illustrated notes

Levels and vault maps discovered:
D:1:      psy_arrival_wood_between_worlds, layout_basic,
          chequers_ecumenical_altar_simple_redux
D:2:      layout_loops_corners, serial_shops, shop, guppyfry_early_lair_pool
D:3:      layout_basic, st_stairs_13, serial_bayou_crossing
D:4:      layout_basic, lemuel_doored_altar, nicolae_vehumet_radiance,
          xom_confusion_cloud, enter_ossuary_1

Skill      XL: |  1  2  3  4  5  6 |
---------------+-------------------+-----
Stealth        | 1 2 |  2.0
Maces & Flails | 3 4 5 7 |  7.5
Fighting       | |  2.1
Throwing       | |  0.8
Armour         | |  1.1
Dodging        | |  1.5
Spellcasting   | |  2.0
Translocations | |  2.6

Action                     |  1- 3 |  4- 6 |  7- 9 || total
---------------------------+-------+-------+-------++-------
  Melee: Mace              |   118 |   242 |    48 ||   408
         Punch             |     1 |     3 |     3 ||     7
         Dagger            |     6 |     4 |       ||    10
   Fire: Sling             |     2 |     9 |       ||    11
  Throw: Dart              |     2 |       |       ||     2
    Use: Scroll            |       |       |     5 ||     5
   Stab: Sleeping          |     1 |     1 |       ||     2
 Armour: Leather armour    |    59 |   148 |     8 ||   215
  Dodge: Dodged            |   107 |   213 |    24 ||   344

Table legend: (Time is in decaauts)
 A = Elapsed time spent in this place.
 B = Non-inter-level travel time spent in this place.
 C = Inter-level travel time spent in this place.
 D = Time resting spent in this place.
 E = Time spent auto-exploring this place.
 F = Levels seen in this place.
 G = Mean time per level.
                   A        B        C        D        E       F      G
               +--------+--------+--------+--------+--------+-----+--------+
         Total |   4069 |   3977 |     92 |    740 |   2001 |   5 |  813.8 |
       Dungeon |   3266 |   3174 |     92 |    396 |   1910 |   4 |  816.5 |
       Ossuary |    802 |    802 |      0 |    344 |     91 |   1 |  802.0 |
               +--------+--------+--------+--------+--------+-----+--------+

Top non-repeatable levels by time:
     D:2: 1397 daAuts
     D:1: 806 daAuts
 Ossuary: 802 daAuts
     D:3: 707 daAuts
     D:4: 354 daAuts
